 Dungeon Sprint DCSS version 0.31-a0-43-g46d131a48f (webtiles) character file.

Game seed: 3469058445195321433

6581 sircluck the Brawler (level 10, -2/114 HPs)
             Began as a Troll Berserker on May 19, 2023.
             Was a High Priest of Trog.
             Slain by a sphinx (15 damage)
             ... in the Dungeon (Sprint II: "The Violet Keep of Menkaure").
             The game lasted 00:04:38 (756 turns).

sircluck the Brawler (Troll Berserker)               Turns: 756, Time: 00:04:39

Health: -2/114     AC:  6    Str: 31    XL:     10   Next: 71%
Magic:  9/9        EV: 13    Int:  3    God:    Trog [*****.]
Gold:   706        SH:  0    Dex: 11    Spells: 9/9 levels left

rFire   . .          .
                       - Unarmed
rCold   . . .        (no shield)
rNeg    + . .        a - +0 animal skin
rPois   +            (helmet restricted)
rElec   .            v - +1 cloak
rCorr   .            (gloves unavailable)
SInv    +            (boots unavailable)
Will    .....        l - amulet of the acrobat
Stlth   +            h - ring "Hoepecs" {+Blink rN+ Dex+2 Slay+3 SInv}
HPRegen 1.19/turn    s - ring of poison resistance
MPRegen 0.11/turn

%: no teleportation, acrobat
@: on berserk cooldown, slowed, very slow
A: large, unfitting armour, claws 3, regeneration 1, shaggy fur 1, tough skin 1
a: Renounce Religion, Evoke Blink, Berserk, Trog's Hand, Brothers in Arms


You were in the Dungeon.
You worshipped Trog.
Trog was extremely pleased with you.
You visited 1 branch You collected 1421 gold pieces.
You spent 715 gold pieces at shops.

Inventory:

Missiles
 w - 11 stones (quivered)
Armour
 a - a +0 animal skin (worn)
 v - a +1 cloak (worn)
 x - a +0 buckler
Jewellery
 h - the ring "Hoepecs" (left claw) {+Blink rN+ Dex+2 Slay+3 SInv}
   (You bought it in a shop in the Dungeon)

   [ring of positive energy]

   Dex:       It affects your dexterity (+2).
   Slay:      It affects your accuracy & damage with ranged weapons and melee
   (+3).
   rN:        It protects you from negative energy.
   SInv:      It lets you see invisible.
   +Blink:    It lets you blink.
 l - an amulet of the acrobat (around neck)
 s - a ring of poison resistance (right claw)
Scrolls
 i - 6 scrolls of identify {unknown}
 j - 3 scrolls of magic mapping {unknown}
 n - a scroll of amnesia {unknown}
 o - 3 scrolls of vulnerability {unknown}
 p - a scroll of butterflies {unknown}
 q - a scroll of brand weapon {unknown}
 t - a scroll of fear {unknown}
Potions
 b - 4 potions of curing
 c - 2 potions of heal wounds
 d - a potion of haste
 e - 5 potions of magic
 f - a potion of berserk rage
 g - 3 potions of degeneration {unknown}
 k - 6 potions of resistance {unknown}
 m - a potion of mutation {unknown}
 r - 3 potions of flight {unknown}
 u - a potion of brilliance {unknown}


   Skills:
 + Level 11.3 Fighting
 + Level 11.3 Dodging
 + Level 0.2 Stealth
 + Level 18.4 Unarmed Combat


You had 9 spell levels left.
You didn't know any spells.
Your spell library was empty.

Dungeon Overview and Level Annotations

Branches:
Dungeon (1/1)

Altars:
Cheibriados
Dithmenos
Elyvilon
Fedhas
Gozag
Hepliaklqana
Kikubaaqudgha
Makhleb
Nemelex Xobeh
Okawaru
Qazlal
Ru
Sif Muna
Trog
Uskayaw
Vehumet
Wu Jian
Xom
Yredelemnul
Zin
The Shining One
Jiyva
Lugonu

Shops:
D ::?!:(=[!*!*([=

Annotations:
D exclusion: oklob plant


Innate Abilities, Weirdness & Mutations

You are too large for most types of armour.
You have claws for hands.
Your natural rate of healing is unusually fast.
You are covered in fur. (AC +1)
You have tough skin. (AC +1)


Message History

The sphinx is almost dead.
The sphinx casts a spell.
You are confused.
You scratch the sphinx but do no damage.
The sphinx is almost dead.
The sphinx closely misses you. The sphinx hits you.
The sphinx barely misses you.
You're too confused to move!
The sphinx closely misses you. The sphinx completely misses you.
The sphinx hits you. The sphinx attacks as you move away!
The sphinx misses you. The sphinx hits you. The sphinx hits you!
The sphinx misses you. The sphinx completely misses you. The sphinx misses you.
The sphinx barely misses you. The sphinx hits you. The sphinx misses you.
The sphinx completely misses you. x2; The sphinx hits you but does no damage.
You scratch the sphinx.
The sphinx is lightly wounded.
The sphinx casts a spell.
You suddenly lose the ability to move!
The sphinx hits you. x3
The sphinx hits you! The sphinx hits you but does no damage.
The sphinx hits you. The sphinx hits you!
The sphinx hits you but does no damage. x2
You feel less confused. The sphinx hits you. x3
The sphinx casts a spell.
You shrug off the repeated paralysis!
You can move again.
Unknown command.
Unknown command.
Your ogre goes berserk!
The sphinx hits you!
* * * LOW HITPOINT WARNING * * *
The sphinx barely misses you. The sphinx completely misses you.
The sphinx hits you.
* * * LOW HITPOINT WARNING * * *
The sphinx hits you.
* * * LOW HITPOINT WARNING * * *
The sphinx hits you!
* * * LOW HITPOINT WARNING * * *
The sphinx hits you!
You die...

##†#▓....[.)[▓▓
.÷##▓▓▓▓▓▓▓'▓▓▓▓+▓
~~~~~~÷)÷~~...≈≈≈▓
+########'###.≈≈≈▓
.._.....#~~~##≈≈≈▓
._._....#§§≈§####▓▓ ▓
_._._...#§§~§≈##..# $▓
._._._..#§§§§§≈#.H#$.▓
_._._._.#~~§§§§§@H'$$▓
._._._._#~~§~§§#..#$.▓
_._._._.#~§≈≈§≈▓O.# $▓
._._._#~≈≈≈▓▓▓▓▓▓ ▓
#######~≈§§▓zzz
~~~~~~~≈§§≈▓zzz≈
#######≈▓▓▓▓▓▓▓▓ #▓▓


You could see 2 sphinxes and a friendly ogre (summoned, berserk).

Vanquished Creatures
  A kraken (D)
  2 deep trolls (D)
  A merfolk siren (D)
  A yaktaur (D)
  2 polar bears (D)
  A blink frog (D)
  12 flying skulls (D)
  2 wyverns (D)
  5 water moccasins (D)
  4 necrophages (D)
  3 worms (D)
  5 tentacles (D)
39 creatures vanquished.

Vanquished Creatures (collateral kills)
  A polar bear (D)
  A hornet (D)
2 creatures vanquished.

Vanquished Creatures (others)
  Menkaure (D)
  8 tentacles (D)
9 creatures vanquished.

Grand Total: 50 creatures vanquished

Notes
Turn   | Place    | Note
-------+----------+-------------------------------------------
     0 | D        | sircluck the Troll Berserker began the quest for the Orb.
     0 | D        | Reached XP level 1. HP: 22/22 MP: 0/0
     1 | D        | Noticed a necrophage
     1 | D        | Noticed a necrophage
     1 | D        | Noticed a necrophage
     1 | D        | Noticed a necrophage
     9 | D        | Killed a necrophage
    10 | D        | Reached skill level 5 in Unarmed Combat
    10 | D        | Reached XP level 2. HP: 30/32 MP: 1/1
    10 | D        | Reached XP level 3. HP: 36/39 MP: 2/2
    13 | D        | Killed a necrophage
    14 | D        | Reached skill level 5 in Fighting
    14 | D        | Reached skill level 5 in Dodging
    14 | D        | Reached skill level 6 in Unarmed Combat
    14 | D        | Reached XP level 4. HP: 48/50 MP: 3/3
    15 | D        | Killed a necrophage
    15 | D        | Reached ** piety under Trog
    16 | D        | Reached skill level 7 in Unarmed Combat
    16 | D        | Reached XP level 5. HP: 54/59 MP: 4/4
    25 | D        | Reached skill level 8 in Unarmed Combat
    46 | D        | Noticed a merfolk siren
    51 | D        | Killed a merfolk siren
    51 | D        | Reached *** piety under Trog
    52 | D        | Reached skill level 10 in Unarmed Combat
    52 | D        | Reached XP level 6. HP: 71/71 MP: 5/5
    52 | D        | Reached XP level 7. HP: 78/78 MP: 6/6
    57 | D        | Noticed Menkaure
    59 | D        | Killed Menkaure
    60 | D        | Found a stormy altar of Qazlal.
    90 | D        | Noticed a wyvern
    90 | D        | Noticed a wyvern
    91 | D        | Killed a wyvern
    93 | D        | Killed a wyvern
    93 | D        | Reached **** piety under Trog
    94 | D        | Reached skill level 11 in Unarmed Combat
    98 | D        | Found Awaocint's Distillery.
    98 | D        | Found Lyojiym's Weapon Emporium.
    98 | D        | Found Vaohuh's Antique Armour Shoppe.
    98 | D        | Found Xagrefeo's Jewellery Emporium.
    98 | D        | Found Qyffonik's General Store.
    98 | D        | Found Ohuosufe's Assorted Antiques.
    98 | D        | Found Otutio's Antique Armour Shoppe.
    99 | D        | Found Buagekhly's Distillery.
    99 | D        | Found Letuurist's Jewellery Shoppe.
   103 | D        | Found Iruycs's Antique Weapon Shoppe.
   103 | D        | Found Kailetouss's Book Emporium.
   105 | D        | Found Korghaov's Distillery.
   105 | D        | Found Bege Voo's Magic Scroll Shoppe.
   105 | D        | Noticed an oklob plant
   122 | D        | Found Etuckeuw's Book Emporium.
   122 | D        | Found Jocsiwat's Book Shoppe.
   155 | D        | Bought the ring "Hoepecs" {+Blink rN+ Dex+2 Slay+3 SInv}
                  | for 715 gold pieces
   165 | D        | Noticed a blink frog
   169 | D        | Killed a blink frog
   170 | D        | Reached skill level 12 in Unarmed Combat
   170 | D        | Reached XP level 8. HP: 70/91 MP: 7/7
   177 | D        | Noticed a flying skull
   177 | D        | Noticed a flying skull
   177 | D        | Noticed a flying skull
   179 | D        | Noticed a flying skull
   181 | D        | Noticed a flying skull
   183 | D        | Noticed a flying skull
   183 | D        | Noticed a flying skull
   184 | D        | Noticed a flying skull
   184 | D        | Noticed a flying skull
   184 | D        | Noticed a flying skull
   185 | D        | Noticed a flying skull
   185 | D        | Noticed a flying skull
   195 | D        | Killed a flying skull
   195 | D        | Reached ***** piety under Trog
   197 | D        | Killed a flying skull
   199 | D        | Killed a flying skull
   200 | D        | Reached skill level 13 in Unarmed Combat
   204 | D        | Killed a flying skull
   204 | D        | Received a gift from Trog
   205 | D        | Killed a flying skull
   206 | D        | Reached XP level 9. HP: 39/101 MP: 8/8
   212 | D        | Reached skill level 10 in Fighting
   212 | D        | Reached skill level 14 in Unarmed Combat
   222 | D        | Received a gift from Trog
   223 | D        | Reached skill level 10 in Dodging
   223 | D        | Reached skill level 15 in Unarmed Combat
   290 | D        | Found an ornate altar of the Wu Jian Council.
   290 | D        | Found a glowing golden altar of the Shining One.
   291 | D        | Found a hazy altar of Hepliaklqana.
   291 | D        | Found a sacrificial altar of Ru.
   291 | D        | Found a shimmering altar of Xom.
   293 | D        | Found a viscous altar of Jiyva.
   293 | D        | Found a shimmering blue altar of Sif Muna.
   294 | D        | Found a snail-covered altar of Cheibriados.
   294 | D        | Found an ancient bone altar of Kikubaaqudgha.
   294 | D        | Found a bloodstained altar of Trog.
   295 | D        | Found a shadowy altar of Dithmenos.
   295 | D        | Found a corrupted altar of Lugonu.
   296 | D        | Found a white marble altar of Elyvilon.
   296 | D        | Found a burning altar of Makhleb.
   297 | D        | Found a blossoming altar of Fedhas.
   298 | D        | Found an opulent altar of Gozag.
   298 | D        | Noticed a polar bear
   299 | D        | Noticed a yaktaur
   299 | D        | Noticed a polar bear
   300 | D        | Noticed a polar bear
   301 | D        | Killed a polar bear
   304 | D        | Killed a polar bear
   310 | D        | Killed a polar bear
   311 | D        | Reached skill level 16 in Unarmed Combat
   311 | D        | Reached XP level 10. HP: 111/111 MP: 9/9
   366 | D        | Noticed a kraken
   377 | D        | Received a gift from Trog
   485 | D        | Killed a kraken
   486 | D        | Reached skill level 17 in Unarmed Combat
   621 | D        | Found a sparkling altar of Nemelex Xobeh.
   621 | D        | Found a hide-covered altar of Uskayaw.
   621 | D        | Found a basalt altar of Yredelemnul.
   622 | D        | Found an iron altar of Okawaru.
   622 | D        | Found a radiant altar of Vehumet.
   622 | D        | Found a glowing silver altar of Zin.
   635 | D        | Noticed a deep troll
   717 | D        | Noticed a deep troll
   721 | D        | Killed a deep troll
   722 | D        | Reached skill level 18 in Unarmed Combat
   723 | D        | Killed a deep troll
   745 | D        | Noticed a sphinx
   745 | D        | Noticed a sphinx
   753 | D        | Paralysed by a sphinx for 2 turns
   756 | D        | Slain by a sphinx

Illustrated notes

Levels and vault maps discovered:
D:        the_violet_keep_of_menkaure [sprint2_stairs_cluster_1,
          sprint2_shoproom, sprint2_temple, sprint2_basic_supplies,
          sprint2_obstacle_1, sprint2_obstacle_4, sprint2_obstacle_7,
          sprint2_obstacle_5, sprint2_obstacle_2, sprint2_timed_cluster_1,
          sprint2_smallroom_cluster_1, sprint2_smallroom_final_cluster_1,
          sprint2_transparent_cluster_1, sprint2_second_timed_cluster_1,
          sprint2_sniper_area_1, sprint2_heavy_combat_area_1,
          sprint2_mutation_trap_area_1, sprint2_forest_area_1,
          sprint2_light_combat_area_1, sprint2_behind_water_1,
          sprint2_near_end_vault_1]

Skill      XL: |  1  2  3  4  5  6  7  8  9 10 |
---------------+-------------------------------+-----
Fighting       | 4 5 7 8 9 10 11 | 11.3
Dodging        | 4 5 7 8 9 10 11 | 11.3
Unarmed Combat | 5 6 7 10 12 13 16 18 | 18.4
Stealth        | |  0.2

Action                     |  1- 3 |  4- 6 |  7- 9 | 10-12 || total
---------------------------+-------+-------+-------+-------++-------
  Melee: Unarmed           |    11 |    15 |    55 |    33 ||   114
         Punch             |     1 |     1 |     4 |     6 ||    12
 Invoke: Brothers in Arms  |       |       |     1 |     2 ||     3
         Berserk           |       |       |     1 |     1 ||     2
    Use: Scroll            |       |       |     1 |       ||     1
 Armour: Animal skin       |       |       |    10 |     7 ||    17
  Dodge: Dodged            |     5 |     3 |    25 |    36 ||    69

Table legend: (Time is in decaauts)
 A = Elapsed time spent in this place.
 B = Non-inter-level travel time spent in this place.
 C = Inter-level travel time spent in this place.
 D = Time resting spent in this place.
 E = Time spent auto-exploring this place.
 F = Levels seen in this place.
 G = Mean time per level.
                   A        B        C        D        E       F      G
               +--------+--------+--------+--------+--------+-----+--------+
         Total |    746 |    737 |      9 |    173 |    182 |   1 |  746.0 |
       Dungeon |    746 |    737 |      9 |    173 |    182 |   1 |  746.0 |
               +--------+--------+--------+--------+--------+-----+--------+

Top non-repeatable levels by time:
       D: 746 daAuts
